 Dungeon Crawl Stone Soup version 0.31.0-9-g3a7656b989 (webtiles) character file.

Game seed: 14402841054495819778

4 qw the Shooter (level 1, -1/10 HPs)
             Began as a Spriggan Hunter on Feb 2, 2024.
             Slain by a kobold
             ... wielding a +0 dagger
              (2 damage)
             ... on level 1 of the Dungeon.
             The game lasted 00:00:00 (237 turns).

qw the Shooter (Spriggan Hunter)                     Turns: 237, Time: 00:00:01

Health: -1/10      AC:  2    Str:  7    XL:     1   Next: 58%
Magic:  2/2        EV: 18    Int: 10    God:
Gold:   17         SH:  0    Dex: 18    Spells: 0/0 levels left

rFire   . . .        a - +0 shortbow
rCold   . . .        (shield currently unavailable)
rNeg    . . .        c - +0 robe
rPois   .            (helmet restricted)
rElec   .            (no cloak)
rCorr   .            (gloves unavailable)
SInv    +            (boots unavailable)
Will    .....        (no amulet)
Stlth   ++           (no ring)
HPRegen 0.21/turn    (no ring)
MPRegen 0.08/turn

%: no passive effects
@: very quick
A: very small, no large weapons, unfitting armour, see invisible, speed 3
a: no special abilities


You were on level 1 of the Dungeon.
You visited 1 branch of the dungeon, and saw 1 of its levels.

You collected 17 gold pieces.


Innate Abilities, Weirdness & Mutations

You are very small and have problems with some larger weapons.
You are too small for most types of armour.
You have supernaturally acute eyesight. (SInv)
You cover ground extremely quickly. (Speed+++)


   Skills:
 - Level 1.5 Fighting
 - Level 4.0 Ranged Weapons
 + Level 3.3 Dodging
 - Level 1.5 Stealth


You couldn't memorise any spells.
You didn't know any spells.
Your spell library was empty.

Inventory:

Hand Weapons
 a - a +0 shortbow (weapon)
Armour
 c - a +0 robe (worn)
Scrolls
 b - a scroll of butterflies
 d - a scroll of vulnerability {unknown}
Potions
 e - a potion of heal wounds {unknown}

Dungeon Overview and Level Annotations

Branches:
Dungeon (1/15)

Altars:


Message History

You shoot an arrow. The arrow misses the kobold.
You shoot an arrow. The arrow barely misses the kobold.
You shoot an arrow. The arrow closely misses the kobold.
The arrow hits the plant!
The plant begins to die.
The plant is lightly damaged.
The kobold closely misses you.
The kobold hits something with a +0 dagger.
The kobold hits the bush but does no damage.
You shoot an arrow. The arrow barely misses the kobold.
The arrow hits the plant.
The plant is lightly damaged.
The kobold hits you with a +0 dagger.
The kobold hits something with a +0 dagger.
You shoot an arrow. The arrow hits the kobold!
You kill the kobold!
You shoot an arrow. The arrow hits the kobold.
The kobold is severely wounded.
A nearby plant withers and dies.
The kobold barely misses you. The kobold completely misses you.
You shoot an arrow. The arrow barely misses the kobold.
The kobold barely misses you. x2
A rat comes into view.
You shoot an arrow. The arrow completely misses the kobold.
The kobold completely misses you. The kobold misses you.
You shoot an arrow. The arrow barely misses the kobold.
The kobold misses you. x2
You shoot an arrow. The arrow hits the kobold.
You kill the kobold!
The kobold closely misses you.
The kobold throws a stone.
The stone closely misses you. The kobold hits you with a +0 dagger.
You shoot an arrow. The arrow barely misses the kobold.
The kobold hits you with a +0 dagger.
You shoot an arrow. The arrow barely misses the kobold.
The kobold hits you with a +0 dagger. The kobold hits you with a +0 club.
You shoot an arrow. The arrow barely misses the kobold.
The kobold hits you but does no damage. The kobold barely misses you.
You shoot an arrow. The arrow hits the kobold!
You kill the kobold!
The kobold hits you with a +0 dagger.
You die...

#...:....#######....#
#........##.........#
#........##.........#
##........##......####
.............######
...#.##.####.# #. #.#
#.# #.##'####.#
#.#.....#@#
#.#.....#Kr)...ยค.
#.####.#.....#.#P%....
........#+####.##.....
#######....###.# #P~..
###...#### 77
#......###
#######........#
...............#


You could see a kobold and a rat.

Vanquished Creatures
  2 ball pythons (D:1)
  A bat (D:1)
  4 kobolds (D:1)
7 creatures vanquished.

Notes
Turn   | Place    | Note
-------+----------+-------------------------------------------
     0 | D:1      | qw the Spriggan Hunter began the quest for the Orb.
     0 | D:1      | Reached XP level 1. HP: 10/10 MP: 2/2
     0 | D:1      | 0 ||| qw: Version: 0.3-a-155-g5e7d8dd
     0 | D:1      | 0 ||| qw: Game counter: 1042
     0 | D:1      | 0 ||| qw: Melee chars always use a shield: true
     0 | D:1      | 0 ||| qw: God list: Okawaru
     0 | D:1      | 0 ||| qw: Allow faded altars: false
     0 | D:1      | 0 ||| qw: Do Orc after clearing Dungeon:15 true
     0 | D:1      | 0 ||| qw: Do second Lair branch before Depths: true
     0 | D:1      | 0 ||| qw: Lair rune preference: random
     0 | D:1      | 0 ||| qw: Goals: Normal
     0 | D:1      | 0 ||| PLANNING D:1-11
   181 | D:1      | Reached skill level 3 in Dodging
   235 | D:1      | HP: 1/10 [kobold/+0 club (3)]
   237 | D:1      | Slain by a kobold

Levels and vault maps discovered:
D:1:      minmay_arrival_split_and_join, layout_basic, lexackson_kobold_supper

Skill      XL: |  1 |
---------------+----+-----
Dodging        | 3 |  3.3
Fighting       | |  1.5
Ranged Weapons | |  4.0
Stealth        | |  1.5

Action                     || total
---------------------------++-------
   Fire: Shortbow          ||    25
 Armour: Robe              ||     7
  Dodge: Dodged            ||    16

Table legend:
 A = Non-vault XP
 B = Vault XP
 C = Vault XP percentage of total XP
 D = Non-vault monster count
 E = Vault monster count
 F = Vault count percentage of total count
                 A         B        C        D         E       F
            +---------+---------+-------+---------+---------+-------
      Total |       4 |       5 |  55.6 |       3 |       4 |  57.1
            +---------+---------+-------+---------+---------+-------
        D:1 |       4 |       5 |  55.6 |       3 |       4 |  57.1
            +---------+---------+-------+---------+---------+-------
